 Dungeon Crawl Stone Soup version 0.29.1-2-gbd0b4ee654 (webtiles) character file.

Game seed: 4465438406327576405

16 qeuew the Conjurer (level 2, -2/22 HPs)
             Began as a Draconian Conjurer on Nov 7, 2022.
             Slain by Jessica
             ... wielding a +0 dagger
              (5 damage)
             ... on level 2 of the Dungeon.
             The game lasted 00:01:26 (1040 turns).

qeuew the Conjurer (Draconian Conjurer)             Turns: 1040, Time: 00:01:27

Health: -2/22      AC:  4    Str:  6 (9)  XL:     2   Next: 41%
Magic:  0/5        EV: 12    Int: 13 (16) God:
Gold:   68         SH:  0    Dex:  8 (9)  Spells: 2/5 levels left

rFire   . . .      SeeInvis .   (no weapon)
rCold   . . .      Faith    .   (no shield)
rNeg    . . .      Spirit   .   (body armour unavailable)
rPois   .          Reflect  .   (helmet restricted)
rElec   .          Harm     .   (no cloak)
rCorr   .          Rampage  .   (no gloves)
Will    .....                   (no boots)
Stlth   +.........              (no amulet)
HPRegen 0.07/turn               (no ring)
MPRegen 0.09/turn               (no ring)

@: no status effects
A: AC +4, unfitting armour, cold-blooded, dopey 1
a: no special abilities


You were on level 2 of the Dungeon.
You visited 1 branch of the dungeon, and saw 2 of its levels.

You collected 68 gold pieces.

Inventory:

Scrolls
 c - a scroll of poison {unknown}
 d - a scroll of fog
 e - a scroll of brand weapon {unknown}
 f - a scroll of identify {unknown}
Potions
 a - a potion of magic
 b - 3 potions of heal wounds


   Skills:
 + Level 0.8 Fighting
 + Level 2.0 Dodging
 - Level 1.7 Stealth
 * Level 2.4 Spellcasting
 + Level 4.1 Conjurations


You had 2 spell levels left.
You knew the following spells:

 Your Spells              Type           Power      Damage    Failure   Level
a - Magic Dart            Conj           48%        1d5       4%          1
b - Searing Ray           Conj           24%        2d5       7%          2

Your spell library contained the following spells:

 Spells                   Type           Power      Damage    Failure   Level
 Sting                    Tmut/Pois      4%         1d3       24%         1
 Poisonous Vapours        Pois/Air       2%         N/A       36%         2
 Dazzling Flash           Conj/Hex       12%        N/A       30%         3
 Portal Projectile        Hex/Tloc       2%         N/A       58%         3
 Tukima's Dance           Hex            1%         N/A       58%         3
 Fulminant Prism          Conj/Hex       3%         3d6       71%         4
 Iskenderun's Mystic Bla  Conj/Tloc      6%         2d4       71%         4
 Olgreb's Toxic Radiance  Pois           1%         N/A       94%         4
 Blade Hands              Tmut           0%         N/A       100%        5


Dungeon Overview and Level Annotations

Branches:
Dungeon (2/15)

Altars:

Annotations:
D:2 Jessica


Innate Abilities, Weirdness & Mutations

Your plain brown scales are hard. (AC +4)
You cannot fit into any form of body armour.
You are cold-blooded and may be slowed by cold attacks.
You are dopey. (Int -2)


Message History

Jessica hits you with a +0 dagger.
You are out of magic!
You closely miss Jessica.
You tail-slap Jessica, but do no damage.
Jessica is heavily wounded.
Jessica barely misses you.
You hit Jessica but do no damage.
Jessica is heavily wounded.
Jessica hits you with a +0 dagger.
You barely miss Jessica.
Jessica is heavily wounded.
Jessica hits you with a +0 dagger.
You hit Jessica but do no damage.
Jessica is heavily wounded.
Jessica misses you.
You closely miss Jessica.
Your tail-slap misses Jessica.
Your punch misses Jessica.
Jessica is heavily wounded.
Jessica looks very angry.
Jessica closely misses you.
Aiming: Magic Dart (safe; 4% risk of failure)
Press: ? - help, Q - select action, (/) - cycle Shift-Dir - straight line, f/p - Jessica
Aim: Jessica, wielding a +0 dagger and wearing a +2 robe of resistance (heavily wounded, 100% to hit)
The magic dart hits Jessica but does no damage.
Jessica is heavily wounded.
Jessica hits you with a +0 dagger.
* * * LOW HITPOINT WARNING * * *
You hit Jessica but do no damage.
Jessica is heavily wounded.
Jessica hits you with a +0 dagger.
* * * LOW HITPOINT WARNING * * *
You closely miss Jessica.
You tail-slap Jessica, but do no damage.
Jessica is heavily wounded.
Jessica closely misses you.
You hit Jessica but do no damage.
You tail-slap Jessica, but do no damage.
Jessica is heavily wounded.
Jessica hits you with a +0 dagger.
You die...

#.!.......# #.........#
#.........#
###.!.......#
###>..........#
..............#
..............#
........@.....##########
.......@.....##.....#...
...)........##..........
........##..............
.......###..#...........
##................).....
#.#######..............
... #.............. ..
#.#............
#.#..>.......<.


You could see Jessica.

Vanquished Creatures
  A ball python (D:1)
  3 endoplasms
  3 goblins
  2 hobgoblins (D:1)
  A bat (D:1)
  A frilled lizard (D:1)
  2 kobolds (D:1)
  2 rats (D:1)
15 creatures vanquished.

Notes
Turn   | Place    | Note
-------+----------+-------------------------------------------
     0 | D:1      | qeuew the Draconian Conjurer began the quest for the Orb.
     0 | D:1      | Reached XP level 1. HP: 14/14 MP: 3/3
   493 | D:1      | Reached XP level 2. HP: 21/22 MP: 0/5
   906 | D:1      | Learned a level 2 spell: Searing Ray
   911 | D:1      | Gained mutation: You are dopey. (Int -2) [potion of
                  | mutation]
  1009 | D:2      | Noticed Jessica
  1040 | D:2      | Slain by Jessica

Illustrated notes

Levels and vault maps discovered:
D:1:      onia_arrival_pyramid, layout_basic, chequers_jeans
D:2:      layout_rooms, shapermc_ecumenical_altar_flowoftime, uniq_jessica

Skill      XL: |  1  2 |
---------------+-------+-----
Dodging        | 2 |  2.0
Fighting       | |  0.8
Stealth        | |  1.7
Spellcasting   | |  2.4
Conjurations   | |  4.1

Action                   || total
-------------------------++-------
Melee: Unarmed           ||    30
       Tailslap          ||     5
       Punch             ||     1
 Cast: Magic Dart        ||    33
  Use: Scroll            ||     4
       Potion            ||     3
Armor: Skin              ||    10
Dodge: Dodged            ||    20
